 Dungeon Crawl Stone Soup version 0.20-a0-17-g69bea3c (webtiles) character file.

49 KristoblXynda the Twirler (level 3, -3/43 HPs)
             Began as a Draconian Gladiator on Nov 5, 2016.
             Slain by Terence
             ... wielding a +0 morningstar
              (6 damage)
             ... on level 2 of the Dungeon.
             The game lasted 00:01:50 (1149 turns).

KristoblXynda the Twirler (Draconian Gladiator)     Turns: 1149, Time: 00:01:51

Health: -3/43      AC: 21    Str: 17    XL:     3   Next: 53%
Magic:  3/3        EV:  2    Int:  8    God:
Gold:   45         SH:  0    Dex: 12    Spells: 0 memorised, 2 levels left

rFire  . . .     SeeInvis .     a - +0 quarterstaff
rCold  . . .     Gourm    .     (armour unavailable)
rNeg   + + +     Faith    .     (shield currently unavailable)
rPois  +         Spirit   .     (helmet currently unavailable)
rElec  .         Reflect  .     (cloak currently unavailable)
rCorr  .         Harm     .     (gloves currently unavailable)
MR     .....     NoTele   +     (boots currently unavailable)
Stlth  +.........               (no amulet)
                                (no ring)
                                (no ring)

@: tree-form, very slightly contaminated, invisible
A: unfitting armour, (cold-blooded), AC +5
a: no special abilities


You were on level 2 of the Dungeon.
You were not hungry.
You were a tree.
You visited 1 branch of the dungeon, and saw 2 of its levels.

You collected 45 gold pieces.

Inventory:

Hand Weapons
 a - a +0 quarterstaff (weapon)
Missiles
 c - 3 throwing nets (quivered)
Armour
 b - a +0 hat (melded)
Scrolls
 f - 3 scrolls of fog {unknown}
 g - a scroll of amnesia {unknown}
 m - 2 scrolls of random uselessness {unknown}
 n - a scroll of remove curse {unknown}
 p - a scroll of identify {unknown}
Potions
 j - 2 potions of cure mutation {unknown}
 o - a potion of curing {unknown}
Comestibles
 d - a bread ration
 h - 3 meat rations
 k - a beef jerky


   Skills:
 - Level 2.1 Fighting
 + Level 3.5 Staves
 + Level 2.4 Throwing
 + Level 3.3 Dodging


You had 2 spell levels left.
You didn't know any spells.

Dungeon Overview and Level Annotations

Branches:
Dungeon (2/15)

Altars:

Annotations:
D:2 Terence


Innate Abilities, Weirdness & Mutations

((Your plain brown scales are hard. (AC +5)))
You cannot fit into any form of body armour.
((You are cold-blooded and may be slowed by cold attacks.))


Message History

* * * LOW HITPOINT WARNING * * *
You hit Terence.
Terence is heavily wounded.
Terence hits you but does no damage.
You completely miss Terence.
Terence is heavily wounded.
Terence hits you but does no damage.
You hit Terence but do no damage.
Terence is heavily wounded.
You hit Terence.
Terence is severely wounded.
Terence hits you but does no damage.
You catch the helpless Terence completely off-guard!
You hit Terence.
Terence is almost dead.
Terence hits you but does no damage.
You hit Terence but do no damage.
Terence is almost dead.
Terence hits you with a morningstar.
You die...

#.........##############
#.......................
#.........#.........#
#.........#.....)...#
.###########.#####.........#
...........#.#####.........#
#...†...................#
########..##..........<.#
##.@♣..........###
#.##..........#
#.#...........###
#.#.#...........#
........(........
#.#.##########... #...# ...
..### . #..


You could see Terence.

Vanquished Creatures
  An adder (D:2)
  An ooze (D:1)
  A worm (D:2)
  3 dart slugs (D:1)
  2 leopard geckos (D:1)
  4 goblins
  4 hobgoblins (D:1)
  2 jackals (D:1)
  3 bats (D:1)
  2 frilled lizards (D:1)
  4 kobolds (D:1)
27 creatures vanquished.

Notes
Turn   | Place    | Note
-------+----------+-------------------------------------------
     0 | D:1      | KristoblXynda the Draconian Gladiator began the quest for the Orb.
     0 | D:1      | Reached XP level 1. HP: 17/17 MP: 1/1
     9 | D:1      | Noticed an ogre
    43 | D:1      | Reached XP level 2. HP: 18/24 MP: 2/2
   643 | D:1      | Reached XP level 3. HP: 26/29 MP: 3/3
  1102 | D:2      | Noticed Terence
  1143 | D:2      | HP: 2/43 [Terence/morningstar (2)]
  1149 | D:2      | Slain by Terence

Vault maps used:
D:1:      evilmike_arrival_come_back
D:2:      ecumenical_altar_2, uniq_terence, uniq_iyjb

Skill      XL: |  1  2 |
---------------+-------+-----
Throwing       | 2 |  2.4
Dodging        | 3 |  3.3
Fighting       | |  2.1
Staves         | |  3.5

Action                   || total
-------------------------++-------
Melee: Quarterstaff      ||    94
       Tailslap          ||     8
  Use: Potion            ||     2
 Stab: Invisible         ||     1
  Eat: Pizza             ||     1
Armor: Skin              ||    21
Dodge: Dodged            ||    67
